 Dungeon Crawl Stone Soup version 0.18-a0-1078-gebb93d0 (webtiles) character file.

127 ater218 the Skirmisher (level 5, 0/46 HPs)
             Began as a Hill Orc Fighter on Jan 14, 2016.
             Was a Follower of Yredelemnul.
             Slain by an orc
             ... wielding a +0 club
              (3 damage)
             ... on level 3 of the Dungeon.
             The game lasted 00:12:29 (2075 turns).

ater218 the Skirmisher (Hill Orc Fighter)           Turns: 2075, Time: 00:12:29

Health: 0/46       AC: 11    Str: 19    XL:     5   Next: 11%
Magic:  5/5        EV:  4    Int:  9    God:    Yredelemnul [*.....]
Gold:   129        SH:  9    Dex: 10    Spells: 0 memorised, 4 levels left

rFire  . . .     SeeInvis .     a - +0 long sword
rCold  . . .     Gourm    .     u - +0 plate armour (curse)
rNeg   . . .     Faith    .     c - +0 shield
rPois  .         Spirit   .     (no helmet)
rElec  .         Dismiss  .     (no cloak)
rCorr  .         Reflect  .     (no gloves)
SustAt .         Harm     .     (no boots)
MR     .....     Rnd*Tele +     (no amulet)
Stlth  ..........               j - ring of loudness (curse)
                                e - ring of teleportation (curse)

@: lethally poisoned (0 -> -1), not resistant to hostile enchantments, extremely
unstealthy
A: no striking features
a: Animate Remains, Renounce Religion, Evoke Teleportation


You were on level 3 of the Dungeon.
You worshipped Yredelemnul.
Yredelemnul was aware of your devotion.
You were not hungry.

You visited 1 branch of the dungeon, and saw 3 of its levels.

You collected 129 gold pieces.

Inventory:

Hand Weapons
 a - a +0 long sword (weapon)
Armour
 c - a +0 shield (worn)
 u - a cursed +0 plate armour (worn)
Jewellery
 e - a cursed ring of teleportation (left hand)
 i - an uncursed ring of poison resistance {unknown}
 j - a cursed ring of loudness (right hand)
 m - an uncursed ring of protection from fire
Scrolls
 p - 2 scrolls of identify
 r - a scroll of enchant armour {unknown}
 t - a scroll of amnesia {unknown}
Potions
 b - a potion of cancellation {unknown}
 h - a potion of lignification {unknown}
 k - a potion of curing {unknown}
 l - a potion of magic {unknown}
 q - a potion of flight {unknown}
 s - a potion of might
Comestibles
 d - 2 chunks of flesh
 f - 3 bread rations
 g - 3 meat rations
 o - a beef jerky


   Skills:
 + Level 4.2 Fighting
 * Level 3.1 Long Blades
 + Level 4.1 Armour
 * Level 1.4 Dodging
 + Level 4.1 Shields


You had 4 spell levels left.
You didn't know any spells.

Dungeon Overview and Level Annotations

Branches:
Dungeon (3/15)

Altars:
Dithmenos
Yredelemnul


Message History

The orc priest shouts, "Join the one true god or die!"
You slash the orc priest!
The orc priest shouts, "Beogh is our master!
Accept the truth or die!"
The orc priest is severely wounded.
The orc hits you but does no damage.
The orc priest calls down the wrath of Beogh upon you.
Pain shoots through your body!
* * * LOW HITPOINT WARNING * * *
A jackal comes into view.
The jackal barks!
You hit the orc priest.
You kill the orc priest!
Yredelemnul accepts your kill.
You can now animate remains.
Your Shields skill increases to level 4!
You have reached level 5!
You feel stronger. The orc barely misses you. x2
You closely miss the orc.
You feel sick. The orc hits you with a club.
You die...
Your body rises from the dead as a mindless zombie.

###########
.......
.......
.......
.......
..?...h
.......###
.#
......)†.#
.#
#o@.###.#
#.......#
#..).†..#
#.......#
#.......#
####'####
#....#
####.###
#.....#


You could see an orc and a jackal.

Vanquished Creatures
  An orc priest (D:3)
  Terence (D:1)
  An adder (D:3)
  2 giant geckos
  4 orcs (D:3)
  6 giant cockroaches
  7 goblins
  8 hobgoblins
  2 ball pythons
  6 bats
  A giant newt (D:1)
  7 kobolds
  5 rats
51 creatures vanquished.

Notes
Turn   | Place    | Note
--------------------------------------------------------------
     0 | D:1      | ater218 the Hill Orc Fighter began the quest for the Orb.
     0 | D:1      | Reached XP level 1. HP: 19/19 MP: 1/1
   108 | D:1      | Reached XP level 2. HP: 24/27 MP: 2/2
   272 | D:1      | Reached skill level 4 in Fighting
   581 | D:2      | Noticed Terence
   591 | D:2      | HP: 1/27 [hobgoblin (4)]
   976 | D:1      | Killed Terence
   976 | D:1      | Reached XP level 3. HP: 17/33 MP: 3/3
  1201 | D:2      | Found a basalt altar of Yredelemnul.
  1292 | D:2      | Became a worshipper of Yredelemnul the Dark
  1344 | D:2      | Reached XP level 4. HP: 40/40 MP: 4/4
  1500 | D:2      | Reached skill level 1 in Dodging
  1902 | D:3      | Found a shadowy altar of Dithmenos.
  2074 | D:3      | Reached * piety under Yredelemnul
  2074 | D:3      | Reached XP level 5. HP: 4/46 MP: 5/5
  2075 | D:3      | Slain by an orc

Vault maps used:
D:1:      denvon_arrival_hothouse
D:2:      yredelemnul_altar_generic, first_bread, uniq_terence
D:3:      lemuel_coloured_pillars_altar, minmay_misc_feat_hallway

Action                   |  1- 3 |  4- 6 || total
-------------------------+-------+-------++-------
Melee: Long sword        |   134 |    67 ||   201
  Use: Potion            |     2 |       ||     2
       Scroll            |     3 |       ||     3
  Eat: Chunk             |     2 |     1 ||     3
       Pizza             |       |     1 ||     1
